 Dungeon Crawl Stone Soup version 0.26.1-11-gd32895ea62 (webtiles) character file.

Game seed: 332744665605925696

3423 jlumianski the Summoner (level 9, -1/34 HPs)
             Began as a Felid Summoner on May 26, 2021.
             Was an Elder of Dithmenos.
             Killed from afar by an orc sorcerer (35 damage)
             ... with a bolt of fire
             ... on level 1 of the Orcish Mines.
             The game lasted 02:05:45 (24997 turns).

jlumianski the Summoner (Felid Summoner)           Turns: 24997, Time: 02:05:45

Health: -1/34      AC:  2    Str: 10    XL:     9   Next: 76%
Magic:  14/24      EV: 18    Int: 21    God:    Dithmenos [****..]
Gold:   654        SH:  5    Dex: 16    Spells: 16/29 levels left
                                        Lives:  0   Deaths: 3

rFire    . . .     SeeInvis +     - Unarmed
rCold    . . .     Faith    .   (shield unavailable)
rNeg     . . .     Spirit   .   (armour unavailable)
rPois    .         Reflect  +   (helmet unavailable)
rElec    .         Harm     .   (cloak unavailable)
rCorr    .         Rampage  .   (gloves unavailable)
Will     +....                  (boots unavailable)
Stlth    +++++.....             n - amulet of reflection
HPRegen  0.11/turn              H - +6 ring of strength
MPRegen  0.19/turn              D - ring of wizardry

@: wreathed by umbra, quick
A: very small, no armour, no weapons or thrown items, stealth, claws 1, fangs 3,
see invisible, speed 1, shaggy fur 2, sharp paws
a: Renounce Religion, Shadow Step


You were on level 1 of the Orcish Mines.
You worshipped Dithmenos.
Dithmenos was greatly pleased with you.
You visited 3 branches of the dungeon, and saw 15 of its levels.

You collected 1074 gold pieces.
You spent 420 gold pieces at shops.

Inventory:

Jewellery
 a - an uncursed ring of fire
 m - an uncursed ring of willpower
 n - an amulet of reflection (around neck)
 q - an uncursed ring of protection from cold
 A - a cursed amulet of inaccuracy
 D - a ring of wizardry (right paw)
 E - an uncursed ring of attention
 F - an uncursed ring of protection from cold
 H - a +6 ring of strength (left paw)
 J - an uncursed amulet of regeneration
 K - an uncursed ring of see invisible
Wands
 k - a wand of flame (20)
 p - a wand of iceblast (5)
 v - a wand of enslavement (10)
 w - a wand of random effects (12)
 B - a wand of polymorph (9)
 C - a wand of acid (5)
 I - a wand of disintegration (13)
Scrolls
 e - a scroll of magic mapping
 g - 3 scrolls of teleportation
 r - a scroll of fear
 u - 3 scrolls of remove curse
 y - 2 scrolls of blinking
 z - a scroll of amnesia
 G - 3 scrolls of immolation
 M - a scroll of identify
Potions
 b - a potion of resistance {unknown}
 c - 3 potions of flight
 d - 2 potions of brilliance
 f - 2 potions of curing
 h - 2 potions of attraction
 i - a potion of invisibility {unknown}
 j - 13 potions of degeneration
 l - a potion of magic {unknown}
 o - a potion of haste
 s - a potion of might
 t - a potion of ambrosia
 x - a potion of cancellation {unknown}
Miscellaneous
 L - a lightning rod (4/4)


   Skills:
 + Level 0.3 Fighting
 + Level 3.1 Dodging
 + Level 5.3 Stealth
 + Level 2.1 Unarmed Combat
 + Level 10.9 Spellcasting
 + Level 5.4 Hexes
 + Level 11.3 Summonings
 + Level 0.4 Air Magic
 + Level 1.4 Evocations


You had 16 spell levels left.
You knew the following spells:

 Your Spells              Type           Power        Failure   Level
a - Summon Small Mammal   Summ           100%         1%          1
b - Call Imp              Summ           56%          1%          2
c - Call Canine Familiar  Summ           56%          1%          3
d - Summon Guardian Gole  Hex/Summ       46%          1%          3
e - Summon Lightning Spi  Summ/Air       36%          2%          4

Your spell library contained the following spells:

 Spells                   Type           Power        Failure   Level
 Summon Ice Beast         Ice/Summ       35%          2%          4


Dungeon Overview and Level Annotations

Branches:
Dungeon (13/15)            Temple (1/1) D:6            Lair (0/6) D:11
    Orc (1/2) D:12
 Vaults: D:13-14

Altars:
Ashenzari
Cheibriados
Dithmenos
Elyvilon
Gozag
Makhleb
Nemelex Xobeh
Qazlal
Ru
Sif Muna
Trog
Uskayaw
Vehumet
Wu Jian
Xom
Yredelemnul
The Shining One

Shops:
D:7 (   D:12 }

Annotations:
D:7 Prince Ribbit
D:11 Snorg


Innate Abilities, Weirdness & Mutations

You cannot wear armour.
You are incapable of wielding weapons or throwing items.
Your paws allow you to move quietly. (Stealth)
You have sharp claws.
You have razor-sharp teeth.
You have supernaturally acute eyesight. (SInv)
You cover ground quickly.
You are covered in thick fur. (AC +2)
Your sharp claws are effective at attacking unaware monsters.


Message History

The orc sorcerer hits your wolf with a cursed +0 dagger.
An ogre comes into view. It is wielding a +0 giant club.
The orc barely misses your wolf.
Casting: Call Imp (safe; 1% risk of failure)
Confirm with . or Enter, or press ? or * to list all spells.
A beastly little devil appears in a puff of flame.
Your wolf barely misses the orc sorcerer.
The orc hits your white imp with a +0 mace.
An orc comes into view. It is wielding a +0 mace.
Your white imp hits the orc.
Your white imp freezes the orc.
Your wolf closely misses the orc sorcerer.
The orc sorcerer points at you and mumbles some strange words.
The bolt of fire hits your guardian golem!
Your guardian golem resists.
The bolt of fire hits your white imp!!
Your white imp is burned terribly!
Your white imp dies!
The bolt of fire hits you!!
Ouch! That really hurt!
You die... ..o... ...# ...o.. ...# .oooO

...###
#ooo#####......
..oh8..#....$#
#5.........#
#..........#
#5$@<..#
#..#.#.$#
##.### ## ###


You could see an orc sorcerer, 2 orc warriors, an ogre, 6 orcs, a friendly
guardian golem (summoned), a friendly wolf (summoned, sheltered), a friendly
crimson imp (summoned, sheltered) and a friendly white imp (summoned,
sheltered).

Vanquished Creatures
  A bullfrog (D:12)
  2 wights
  A howler monkey (D:5)
  2 orc priests
  A worker ant (D:11)
  2 leopard geckos
  3 orcs
  2 giant cockroaches
  A goblin (D:2)
  2 jackals
  A quokka (D:8)
  2 frilled lizards (D:3)
  A kobold (D:1)
  2 rats
23 creatures vanquished.

Vanquished Creatures (collateral kills)
  3 boulder beetles
  A two-headed ogre (D:9)
  An ugly thing (D:12)
  2 centaur skeletons
  A troll (D:13)
  2 wyverns
  7 yaks
  A warg (Orc:1)
  A water moccasin (D:10)
  6 orc warriors
  Purgy (D:3)
  A swamp drake (D:12)
  3 necrophages
  2 ice beasts (D:8)
  3 black bears
  3 phantoms
  4 sky beasts
  4 ogres
  6 centaurs
  4 big kobolds
  7 bullfrogs
  3 scorpions
  5 wights
  4 jellies
  2 bullfrog zombies
  7 hounds
  A quasit (D:11)
  2 bullfrog skeletons
  14 orc priests
  Crazy Yiuf (D:6)
  A gnoll shaman (D:7)
  20 orc wizards
  4 iguanas
  8 worker ants
  Terence (D:2)
  A hound zombie (D:7)
  2 hound skeletons
  A worker ant zombie (D:11)
  11 gnolls
  12 adders
  7 white imps
  9 oozes
  5 worms
  2 dart slugs
  5 leopard geckos
  62 orcs
  9 giant cockroaches
  4 goblins
  11 hobgoblins
  34 jackals
  2 quokkas
  6 bats
  4 frilled lizards
  30 kobolds
  A leopard gecko zombie (D:5)
  3 rats
357 creatures vanquished.

Vanquished Creatures (others)
  A boulder beetle (D:12)
  The ghost of Lyradical the Carver, a novice MiFi of the Shining One (D:8)
  2 ugly things
  An elephant (D:11)
  A hornet (D:8)
  A troll (D:10)
  6 yaks
  A wraith (D:12)
  3 orc warriors
  An ice beast (D:8)
  A gnoll sergeant (D:7)
  An orc priest (D:7)
  An iguana (D:8)
  A worker ant (D:7)
  10 fungi
  52 plants (D:7)
  6 toadstools (D:2)
  3 withered plants (D:6)
93 creatures vanquished.

Grand Total: 473 creatures vanquished

Notes
Turn   | Place    | Note
-------+----------+-------------------------------------------
     0 | D:1      | jlumianski the Felid Summoner began the quest for the Orb.
     0 | D:1      | Reached XP level 1. HP: 7/7 MP: 4/4
   633 | D:1      | Reached XP level 2. HP: 11/11 MP: 1/6
   636 | D:1      | Learned a level 2 spell: Call Imp
  1716 | D:2      | Reached XP level 3. HP: 14/14 MP: 1/7
  1720 | D:2      | Learned a level 3 spell: Call Canine Familiar
  2112 | D:2      | Noticed Terence
  2119 | D:2      | Killed Terence
  2713 | D:2      | Reached XP level 4. HP: 18/18 MP: 2/9
  3382 | D:2      | Reached skill level 5 in Summonings
  3764 | D:3      | Reached XP level 5. HP: 19/21 MP: 1/11
  3913 | D:3      | Noticed Purgy
  3996 | D:3      | Killed Purgy
  4414 | D:3      | Found a sparkling altar of Nemelex Xobeh.
  5220 | D:4      | Gained mutation: You are covered in thick fur. (AC +2)
                  | [Felid growth]
  5220 | D:4      | Reached XP level 6. HP: 24/24 MP: 3/13
  5932 | D:4      | Reached skill level 5 in Spellcasting
  6382 | D:4      | Reached skill level 6 in Summonings
  6595 | D:5      | Entered Level 5 of the Dungeon
  6685 | D:5      | Reached XP level 7. HP: 15/27 MP: 8/16
  7694 | D:5      | Reached skill level 7 in Summonings
  7827 | D:5      | Found a snail-covered altar of Cheibriados.
  8086 | D:5      | Learned a level 3 spell: Summon Guardian Golem
  8669 | D:6      | Found a basalt altar of Yredelemnul.
  9041 | D:6      | Found a runed translucent door.
  9042 | D:6      | Noticed Crazy Yiuf
  9054 | D:6      | Killed Crazy Yiuf
 10181 | D:6      | Noticed a cyan ugly thing
 10226 | D:6      | Reached XP level 8. HP: 23/31 MP: 15/18
 10311 | D:6      | Killed a cyan ugly thing
 10424 | D:6      | Found a staircase to the Ecumenical Temple.
 10432 | Temple   | Entered the Ecumenical Temple
 10450 | Temple   | Became a worshipper of Dithmenos the Shadowed
 10697 | D:7      | Reached skill level 1 in Unarmed Combat
 10863 | D:7      | Reached skill level 1 in Evocations
 11044 | D:6      | Killed from afar by an orc wizard
 11045 | D:6      | Reached XP level 7. HP: 0/27 MP: 7/17
 11667 | D:7      | Found Narrag's Antique Weapon Shop.
 11888 | D:7      | Found a glowing golden altar of the Shining One.
 12558 | D:7      | HP: 1/27 [spore (26)]
 12580 | D:7      | HP: 1/27 [orc priest/divine providence (12)]
 12716 | D:7      | Reached * piety under Dithmenos
 13130 | D:7      | Identified the cursed +1 dagger of Exquisite Death {speed,
                  | Str+2}
 13259 | D:7      | Noticed Prince Ribbit
 13600 | D:7      | Reached skill level 1 in Hexes
 14520 | D:7      | Reached skill level 8 in Summonings
 14551 | D:7      | Reached XP level 8. HP: 31/31 MP: 13/20
 14605 | D:8      | Found a hide-covered altar of Uskayaw.
 14900 | D:8      | Found an ornate altar of the Wu Jian Council.
 14909 | D:8      | Found a radiant altar of Vehumet.
 14910 | D:8      | Found a stormy altar of Qazlal.
 14910 | D:8      | Found a burning altar of Makhleb.
 14914 | D:8      | Found a white marble altar of Elyvilon.
 14990 | D:8      | Found an opulent altar of Gozag.
 15708 | D:8      | Reached ** piety under Dithmenos
 15709 | D:8      | Reached skill level 9 in Summonings
 15832 | D:8      | Noticed a hornet
 15848 | D:8      | Killed a hornet
 15880 | D:8      | HP: 1/31 [orc priest/divine providence (12)]
 16328 | D:8      | Found a runed translucent door.
 16338 | D:8      | Noticed Lyradical's ghost (novice MiFi)
 16385 | D:8      | Found a bloodstained altar of Trog.
 16786 | D:8      | Killed Lyradical's ghost
 16787 | D:8      | Reached XP level 9. HP: 34/34 MP: 5/22
 17815 | D:9      | Learned a level 4 spell: Summon Lightning Spire
 18095 | D:9      | Noticed a two-headed ogre
 18109 | D:9      | Killed a two-headed ogre
 18575 | D:10     | Entered Level 10 of the Dungeon
 18756 | D:10     | Noticed a troll
 18796 | D:10     | Killed a troll
 19032 | D:10     | Reached *** piety under Dithmenos
 19862 | D:11     | Noticed a boulder beetle
 20203 | D:10     | Killed a boulder beetle
 20204 | D:10     | Reached skill level 10 in Summonings
 20627 | D:11     | Found a staircase to the Lair.
 20627 | D:11     | Noticed an elephant
 20863 | D:11     | Reached **** piety under Dithmenos
 20864 | D:11     | Reached XP level 10. HP: 23/37 MP: 18/24
 21375 | D:11     | Killed an elephant
 21646 | D:12     | Found Godath's Gadget Boutique.
 21655 | D:12     | Bought a lightning rod (4/4) for 420 gold pieces
 21880 | D:12     | Reached skill level 10 in Spellcasting
 21911 | D:12     | Noticed Snorg
 21993 | D:12     | HP: 1/37 [Snorg (23)]
 21993 | D:12     | Slain by Snorg
 21994 | D:12     | Reached XP level 9. HP: -4/34 MP: 6/24
 22237 | D:12     | Reached skill level 5 in Stealth
 22362 | D:12     | Noticed a purple ugly thing
 22406 | D:12     | Killed a purple ugly thing
 22747 | D:12     | Noticed a boulder beetle
 22974 | D:11     | Slain by Snorg
 22975 | D:11     | Reached XP level 8. HP: -2/31 MP: 23/23
 23113 | D:12     | Killed a boulder beetle
 23114 | D:12     | Reached skill level 5 in Hexes
 23648 | D:12     | Reached XP level 9. HP: 34/34 MP: 14/24
 23728 | D:12     | Reached skill level 11 in Summonings
 24224 | D:12     | Found a staircase to the Orcish Mines.
 24379 | D:13     | Noticed a boulder beetle
 24392 | D:13     | Killed a boulder beetle
 24535 | D:13     | Noticed a boulder beetle
 24621 | D:13     | Killed a boulder beetle
 24739 | D:13     | Noticed a troll
 24763 | D:13     | Killed a troll
 24842 | D:13     | Noticed a purple ugly thing
 24857 | D:13     | Killed a purple ugly thing
 24874 | D:13     | Noticed a yaktaur
 24983 | Orc:1    | Entered Level 1 of the Orcish Mines
 24992 | Orc:1    | Noticed an orc sorcerer
 24997 | Orc:1    | Killed from afar by an orc sorcerer

Illustrated notes

Levels and vault maps discovered:
D:1:      elethiomel_arrival_shortcut, layout_rooms, chequers_jeans,
          minmay_ruptured
D:2:      cheibrodos_fertilizer, layout_basic, uniq_terence
D:3:      layout_loops_ring, marbit_many_paths, uniq_purgy
D:4:      layout_rooms, wad_floor_pattern_1
D:5:      layout_basic, cheibriados_altar_1
D:6:      minmay_chambers_of_sixes, layout_basic, yredelemnul_altar_generic,
          minmay_temple_entry_wispy, dk_vineyard_3, uniq_crazy_yiuf_cottage
D:7:      kennysheep_housing_project, layout_loops_ring,
          overflow_temple_1_default, serial_shops, nicolae_shop_waterfront,
          uniq_prince_ribbit1
D:8:      layout_loops_ring, kennysheep_little_box, grunt_gozag_statues,
          minitemple, eat_drink_and_be_merry_uskayaw,
          ebering_ghost_reflecting_pool, minmay_fractal_squares_diagonal_5
D:9:      layout_grid_maze
D:10:     layout_irregular_city
D:11:     layout_basic, david_lair_generic
D:12:     layout_loops_ring, erik_orc_1, serial_shops, shop, uniq_snorg
D:13:     layout_cave_pods, grunt_vaults_entry_fortified
Temple:   zaba_magenta_temple
Orc:1:    layout_diamond_mine

Skill      XL: |  1  2  3  4  5  6  7  8  9 10 |
---------------+-------------------------------+-----
Stealth        | 3 4 5 |  5.3
Spellcasting   | 3 4 5 7 8 9 10 | 10.9
Summonings     | 5 6 8 9 11 | 11.3
Unarmed Combat | 1 2 |  2.1
Evocations     | 1 |  1.4
Hexes          | 2 5 4 |  5.4
Dodging        | 3 |  3.1
Fighting       | |  0.3
Air Magic      | |  0.4

Action                   |  1- 3 |  4- 6 |  7- 9 | 10-12 || total
-------------------------+-------+-------+-------+-------++-------
Melee: Unarmed           |    14 |    42 |    85 |    12 ||   153
       Bite              |       |     7 |     7 |       ||    14
       Punch             |       |       |     1 |       ||     1
 Cast: Summon Small Mamm |    83 |    50 |    63 |       ||   196
       Call Imp          |    20 |    54 |   216 |    10 ||   300
       Call Canine Famil |     9 |    34 |   144 |     7 ||   194
       Summon Guardian G |       |       |   127 |     6 ||   133
       Summon Lightning  |       |       |    12 |     1 ||    13
Evoke: Wand              |       |     1 |     7 |     2 ||    10
       Lightning rod     |       |       |       |     1 ||     1
  Use: Scroll            |     4 |     2 |    12 |     2 ||    20
       Potion            |       |     4 |    12 |       ||    16
 Stab: Sleeping          |     5 |     6 |    15 |     1 ||    27
       Distracted        |       |     1 |     1 |     1 ||     3
Armor: Skin              |       |     6 |     6 |       ||    12
Dodge: Dodged            |    25 |    56 |   158 |    12 ||   251
Block: Other             |       |       |    36 |     5 ||    41
       Reflection        |       |       |     4 |       ||     4
